PAA
CASPER GHOSTS @ MERCER ISLAND SCREAMING EAGLES
06/26/2034
 
TOP OF THE 1ST
Casper Ghosts batting - Pitching for Mercer Island Screaming Eagles : RHP Ingo Abresch
Pitching: RHP Ingo Abresch
Batting: LHB Ronald Anderson 0-0: Ball
1-0: Foul Ball, location: 2F
1-1: Ball
2-1: Ground out 6-3 (Groundball, 6)
Batting: RHB Adrijan Markovski 0-0: SINGLE (Groundball, 6MD)
Batting: LHB Marcus Shill 0-0: Called Strike
0-1: Fly out, F7 (Flyball, 78M)
Batting: LHB Badry Maksimenov 0-0: Ball
1-0: SINGLE (Groundball, 34D)
Adrijan Markovski to second
Runner from 2nd tries for 3rd, SAFE, no throw
Batting: RHB Jeff Mouton 0-0: Swinging Strike
0-1: Foul Ball, location: 2F
0-2: SINGLE (Line Drive, 8LS)
Adrijan Markovski scores
Badry Maksimenov to second
Runner from 2nd tries for 3rd, OUT!
Top of the 1st over - 1 run, 3 hits, 0 errors, 1 left on base; Casper 1 - Mercer Island 0
BOTTOM OF THE 1ST
Mercer Island Screaming Eagles batting - Pitching for Casper Ghosts : RHP Rhett Abbott
Pitching: RHP Rhett Abbott
Batting: RHB Kimi Okubo 0-0: Foul Ball, location: 2F
0-1: Ball
1-1: Ball
2-1: Ball
3-1: Base on Balls
Batting: LHB Loo Liu 0-0: Ball
1-0: Called Strike
1-1: Ball
2-1: Ground out U3 (Groundball, 3S)
Kimi Okubo to second
Batting: RHB Dejmi Dumervil 0-0: Ball
1-0: Ball
2-0: Ground out 5-3 (Groundball, 56)
Batting: RHB Alfredo García 0-0: Ball
1-0: Ball
2-0: Ball
3-0: Called Strike
3-1: Base on Balls
Batting: RHB Ed Bowers 0-0: Ball
1-0: Ball
2-0: Swinging Strike
2-1: Fly out, F9 (Flyball, 9)
Bottom of the 1st over - 0 runs, 0 hits, 0 errors, 2 left on base; Casper 1 - Mercer Island 0
TOP OF THE 2ND
Casper Ghosts batting - Pitching for Mercer Island Screaming Eagles : RHP Ingo Abresch
Batting: RHB Jur Prokop 0-0: Fly out, F9 (Line Drive, 9)
Batting: RHB Steve Weber 0-0: Ball
1-0: Ground out 5-3 (Groundball, 56)
Batting: RHB José Reyes 0-0: Ball
1-0: Ball
2-0: SINGLE (Groundball, 4MD)
Batting: RHB Alfredo López 0-0: Foul Ball, location: 2F
0-1: Ball
1-1: Ball
José Reyes steals 2nd base
2-1: Foul Ball, location: 2F
2-2: Ball
3-2: Strikes out swinging
Top of the 2nd over - 0 runs, 1 hit, 0 errors, 1 left on base; Casper 1 - Mercer Island 0
BOTTOM OF THE 2ND
Mercer Island Screaming Eagles batting - Pitching for Casper Ghosts : RHP Rhett Abbott
Batting: SHB Jason Graham 0-0: Ball
1-0: Ball
2-0: Called Strike
2-1: Ball
3-1: Base on Balls
Batting: RHB Juan Reyes 0-0: Swinging Strike
0-1: Ball
1-1: Foul Ball, location: 2F
1-2: Strikes out swinging
Batting: RHB Emílio Ramírez 0-0: Called Strike
0-1: Foul Ball, location: 2F
0-2: Ball
1-2: Foul Ball, location: 2F
1-2: SINGLE (Line Drive, 7S)
Jason Graham to second
Batting: RHB Kenny DeWitt 0-0: Ball
1-0: Called Strike
Jason Graham steals 3rd base
1-1: Ground out U3 (Groundball, 34S)
Jason Graham scores
Emílio Ramírez to second
Batting: RHB Kimi Okubo 0-0: Ball
1-0: Called Strike
1-1: Ball
2-1: Ground out 6-3 (Groundball, 6)
Bottom of the 2nd over - 1 run, 1 hit, 0 errors, 1 left on base; Casper 1 - Mercer Island 1
TOP OF THE 3RD
Casper Ghosts batting - Pitching for Mercer Island Screaming Eagles : RHP Ingo Abresch
Batting: LHB Ronald Anderson 0-0: Foul Ball, location: 2F
0-1: Ball
1-1: Foul Ball, location: 2F
1-2: Ball
2-2: Foul Ball, location: 2F
2-2: Foul Ball, location: 2F
2-2: Ball
3-2: Fly out, F8 (Flyball, 8LM)
Batting: RHB Adrijan Markovski 0-0: Called Strike
0-1: Ball
1-1: Foul Ball, location: 2F
1-2: Ball
2-2: Ground out 5-3 (Groundball, 56)
Batting: LHB Marcus Shill 0-0: Ball
1-0: Ball
2-0: Foul Ball, location: 2F
2-1: Fly out, F4 (Line Drive, 34D)
Top of the 3rd over - 0 runs, 0 hits, 0 errors, 0 left on base; Casper 1 - Mercer Island 1
BOTTOM OF THE 3RD
Mercer Island Screaming Eagles batting - Pitching for Casper Ghosts : RHP Rhett Abbott
Batting: LHB Loo Liu 0-0: Foul Ball, location: 2F
0-1: Ball
1-1: Foul Ball, location: 2F
1-2: Foul Ball, location: 2F
1-2: Strikes out swinging
Batting: RHB Dejmi Dumervil 0-0: Ball
1-0: Ball
2-0: Fly out, F9 (Line Drive, 89S)
Batting: RHB Alfredo García 0-0: Ball
1-0: Called Strike
1-1: Foul Ball, location: 2F
1-2: Foul Ball, location: 2F
1-2: Ball
2-2: Foul Ball, location: 2F
2-2: SINGLE (Groundball, 56D)
Batting: RHB Ed Bowers 0-0: Ball
1-0: DOUBLE (Line Drive, 9LM)
Alfredo García to third
Runner from 3rd tries for Home, SAFE, no throw
Batting: SHB Jason Graham 0-0: Ball
1-0: Called Strike
1-1: DOUBLE (Flyball, 89D)
Ed Bowers scores
Batting: RHB Juan Reyes 0-0: Ground out 5-3 (Groundball, 5)
Bottom of the 3rd over - 2 runs, 3 hits, 0 errors, 1 left on base; Casper 1 - Mercer Island 3
TOP OF THE 4TH
Casper Ghosts batting - Pitching for Mercer Island Screaming Eagles : RHP Ingo Abresch
Batting: LHB Badry Maksimenov 0-0: Called Strike
0-1: Ball
1-1: Foul Ball, location: 2F
1-2: Foul Ball, location: 2F
1-2: Fly out, F2 (Popup, 13S)
Batting: RHB Jeff Mouton 0-0: Ball
1-0: Fly out, F9 (Flyball, 9S)
Batting: RHB Jur Prokop 0-0: Ball
1-0: Swinging Strike
1-1: Ball
2-1: Foul Ball, location: 2F
2-2: Foul Ball, location: 2F
2-2: Foul Ball, location: 2F
2-2: Ball
3-2: Strikes out looking
Top of the 4th over - 0 runs, 0 hits, 0 errors, 0 left on base; Casper 1 - Mercer Island 3
BOTTOM OF THE 4TH
Mercer Island Screaming Eagles batting - Pitching for Casper Ghosts : RHP Rhett Abbott
Batting: RHB Emílio Ramírez 0-0: Ball
1-0: Foul Ball, location: 2F
1-1: Ball
2-1: Ball
3-1: Called Strike
3-2: Base on Balls
Batting: RHB Kenny DeWitt 0-0: Called Strike
0-1: Foul Ball, location: 2F
0-2: Strikes out swinging
Batting: RHB Kimi Okubo 0-0: Ball
1-0: Ball
2-0: Ball
3-0: Base on Balls
Emílio Ramírez to second
Batting: LHB Loo Liu 0-0: Foul Ball, location: 2F
0-1: Ball
Wild Pitch!
Emílio Ramírez to third
Kimi Okubo to second
1-1: Fly out, F5 (Line Drive, 56)
Batting: RHB Dejmi Dumervil 0-0: Called Strike
0-1: Swinging Strike
0-2: Strikes out looking
Bottom of the 4th over - 0 runs, 0 hits, 0 errors, 2 left on base; Casper 1 - Mercer Island 3
TOP OF THE 5TH
Casper Ghosts batting - Pitching for Mercer Island Screaming Eagles : RHP Ingo Abresch
Batting: RHB Steve Weber 0-0: SINGLE (Line Drive, 4MD)
Batting: RHB José Reyes 0-0: Called Strike
0-1: Called Strike
0-2: Ball
1-2: Fly out, F7 (Flyball, 7S)
Batting: RHB Alfredo López 0-0: Called Strike
0-1: Called Strike
0-2: Strikes out looking
Batting: LHB Ronald Anderson 0-0: Ball
1-0: Ball
2-0: Called Strike
2-1: Ball
Wild Pitch!
Steve Weber to second
3-1: SINGLE (Line Drive, 9S)
Steve Weber to third
Runner from 3rd tries for Home, SAFE, no throw
Batting: RHB Adrijan Markovski 0-0: Ball
1-0: Called Strike
1-1: Ball
2-1: Foul Ball, location: 2F
2-2: Foul Ball, location: 2F
2-2: Ball
Ronald Anderson is caught stealing 2nd base
Top of the 5th over - 1 run, 2 hits, 0 errors, 0 left on base; Casper 2 - Mercer Island 3
BOTTOM OF THE 5TH
Mercer Island Screaming Eagles batting - Pitching for Casper Ghosts : RHP Rhett Abbott
Batting: RHB Alfredo García 0-0: Called Strike
0-1: Ball
1-1: Fly out, F6 (Line Drive, 6)
Batting: RHB Ed Bowers 0-0: Ground out 5-3 (Groundball, 5)
Batting: SHB Jason Graham 0-0: Ball
1-0: Called Strike
1-1: Swinging Strike
1-2: Ball
2-2: Foul Ball, location: 2F
2-2: Strikes out swinging
Bottom of the 5th over - 0 runs, 0 hits, 0 errors, 0 left on base; Casper 2 - Mercer Island 3
TOP OF THE 6TH
Casper Ghosts batting - Pitching for Mercer Island Screaming Eagles : RHP Ingo Abresch
Pitching: LHP Pu-feng Zhou
Batting: RHB Adrijan Markovski 0-0: Foul Ball, location: 2F
0-1: Ball
1-1: Swinging Strike
1-2: Ball
2-2: Foul Ball, location: 2F
2-2: Strikes out swinging
Batting: LHB Marcus Shill 0-0: Ball
1-0: Called Strike
1-1: Ball
2-1: Ball
3-1: Foul Ball, location: 2F
3-2: Foul Ball, location: 2F
3-2: Strikes out swinging
Batting: LHB Badry Maksimenov 0-0: SINGLE (Line Drive, 34)
Pinch Runner at 1st Paco Ríos:
Batting: RHB Jeff Mouton 0-0: Called Strike
0-1: Foul Ball, location: 2F
0-2: Ball
Paco Ríos steals 2nd base
1-2: Strikes out looking
Top of the 6th over - 0 runs, 1 hit, 0 errors, 1 left on base; Casper 2 - Mercer Island 3
BOTTOM OF THE 6TH
Mercer Island Screaming Eagles batting - Pitching for Casper Ghosts : RHP Rhett Abbott
Now in CF: Paco Ríos
Batting: RHB Juan Reyes 0-0: Ground out 5-3 (Groundball, 56)
Batting: RHB Emílio Ramírez 0-0: Called Strike
0-1: Called Strike
0-2: Ball
1-2: Ball
2-2: Foul Ball, location: 2F
2-2: Foul Ball, location: 2F
2-2: Foul Ball, location: 2F
2-2: Ball
3-2: Strikes out swinging
Batting: RHB Kenny DeWitt 0-0: Called Strike
0-1: SINGLE (Line Drive, 6M)
Batting: RHB Kimi Okubo 0-0: Fly out, F4 (Flyball, 4MD)
Bottom of the 6th over - 0 runs, 1 hit, 0 errors, 1 left on base; Casper 2 - Mercer Island 3
TOP OF THE 7TH
Casper Ghosts batting - Pitching for Mercer Island Screaming Eagles : LHP Pu-feng Zhou
Batting: RHB Jur Prokop 0-0: Ball
1-0: Ball
2-0: Foul Ball, location: 2F
2-1: Called Strike
2-2: Strikes out swinging
Batting: RHB Steve Weber 0-0: Swinging Strike
0-1: Ball
1-1: Foul Ball, location: 2F
1-2: Foul Ball, location: 2F
1-2: Ground out U3 (Groundball, 3)
Batting: RHB José Reyes 0-0: Ball
1-0: Ball
2-0: Called Strike
2-1: Swinging Strike
2-2: Ground out 4-3 (Groundball, 4)
Top of the 7th over - 0 runs, 0 hits, 0 errors, 0 left on base; Casper 2 - Mercer Island 3
BOTTOM OF THE 7TH
Mercer Island Screaming Eagles batting - Pitching for Casper Ghosts : RHP Rhett Abbott
Batting: LHB Loo Liu 0-0: Ground out 4-3 (Groundball, 4)
Batting: RHB Dejmi Dumervil 0-0: Swinging Strike
0-1: Ball
1-1: Foul Ball, location: 2F
1-2: SINGLE (Groundball, 6D)
Pitching: RHP Robert Cagle
Batting: RHB Alfredo García 0-0: Ball
1-0: Ball
2-0: Ball
3-0: Called Strike
3-1: Base on Balls
Dejmi Dumervil to second
Pinch Hitting: RHB Oliver Burrell 0-0: Ball
1-0: Foul Ball, location: 2F
1-1: Swinging Strike
1-2: Strikes out looking
Batting: SHB Jason Graham 0-0: SINGLE (Line Drive, 4MD)
Dejmi Dumervil to third
Alfredo García to second
Runner from 3rd tries for Home, throw and OUT!
Bottom of the 7th over - 0 runs, 2 hits, 0 errors, 2 left on base; Casper 2 - Mercer Island 3
TOP OF THE 8TH
Casper Ghosts batting - Pitching for Mercer Island Screaming Eagles : LHP Pu-feng Zhou
Now in RF: Oliver Burrell
Batting: RHB Alfredo López 0-0: Called Strike
0-1: Swinging Strike
0-2: Ball
1-2: Ball
2-2: Ball
3-2: Strikes out swinging
Batting: LHB Ronald Anderson 0-0: Ball
1-0: Called Strike
1-1: Foul Ball, location: 2F
1-2: Strikes out swinging
Batting: RHB Adrijan Markovski 0-0: Ball
1-0: SINGLE (Line Drive, 7S)
Pitching: LHP Mario López
Batting: LHB Marcus Shill 0-0: SINGLE (Line Drive, 8RD)
Adrijan Markovski to second
Pinch Runner at 2nd Armando Pacheco:
Batting: SHB Paco Ríos 0-0: SINGLE (Groundball, 4D)
Armando Pacheco to third
Marcus Shill to second
Runner from 3rd tries for Home, throw and OUT!
Top of the 8th over - 0 runs, 3 hits, 0 errors, 2 left on base; Casper 2 - Mercer Island 3
BOTTOM OF THE 8TH
Mercer Island Screaming Eagles batting - Pitching for Casper Ghosts : RHP Robert Cagle
Batting: RHB Juan Reyes 0-0: Ball
1-0: Ball
2-0: Ball
3-0: Base on Balls
Batting: RHB Emílio Ramírez 0-0: Ball
1-0: Fielders Choice at 2nd, 4-6 (Groundball, 34)
Batting: RHB Kenny DeWitt 0-0: Ball
1-0: SINGLE (Line Drive, 8LM)
Emílio Ramírez to second
Batting: RHB Kimi Okubo 0-0: Called Strike
0-1: Called Strike
0-2: Strikes out swinging
Batting: LHB Loo Liu 0-0: SINGLE (Line Drive, 9S)
Emílio Ramírez to third
Kenny DeWitt to second
Runner from 3rd tries for Home, SAFE, no throw
Batting: RHB Dejmi Dumervil 0-0: Foul Ball, location: 2F
0-1: DOUBLE (Flyball, 7LM)
Kenny DeWitt scores
Loo Liu to third
Runner from 3rd tries for Home, SAFE, no throw
Pitching: LHP Liangde Chien
Batting: RHB Alfredo García 0-0: Called Strike
0-1: SINGLE (Groundball, 56) (infield hit)
Dejmi Dumervil to third
Batting: RHB Oliver Burrell 0-0: Ball
1-0: Ball
2-0: Foul Ball, location: 2F
2-1: Called Strike
2-2: Ball
3-2: Base on Balls
Alfredo García to second
Batting: SHB Jason Graham 0-0: Swinging Strike
0-1: Called Strike
0-2: Ball
1-2: Ball
2-2: Strikes out swinging
Bottom of the 8th over - 3 runs, 4 hits, 0 errors, 3 left on base; Casper 2 - Mercer Island 6
TOP OF THE 9TH
Casper Ghosts batting - Pitching for Mercer Island Screaming Eagles : LHP Mario López
Batting: RHB Jeff Mouton 0-0: Foul Ball, location: 2F
0-1: Fly out, F7 (Flyball, 7D)
Batting: RHB Jur Prokop 0-0: Called Strike
0-1: SINGLE (Groundball, 6MD)
Batting: RHB Steve Weber 0-0: Ball
1-0: Foul Ball, location: 2F
1-1: Swinging Strike
1-2: Foul Ball, location: 2F
1-2: Ball
2-2: Ball
3-2: Ground out 6-3 (Groundball, 6)
Jur Prokop to second
Batting: RHB José Reyes 0-0: Called Strike
0-1: Ball
1-1: Ball
2-1: Ball
3-1: Base on Balls
Batting: RHB Alfredo López 0-0: Swinging Strike
0-1: DOUBLE (Groundball, 5L)
Jur Prokop scores
José Reyes to third
Batting: LHB Ronald Anderson 0-0: Foul Ball, location: 2F
0-1: Fly out, F9 (Flyball, 9LS)
Top of the 9th over - 1 run, 2 hits, 0 errors, 2 left on base; Casper 3 - Mercer Island 6
Friday, March 29th, 2019 - OOTP Baseball 18.8 Build 76